 Dungeon Crawl Stone Soup version 0.27-a0-1191-g601b473118 (webtiles) character file.

Game seed: 13729453940181592462

25 Zonian the Sneak (level 3, -9/33 HPs)
             Began as a Hill Orc Delver on May 24, 2021.
             Mangled by a gnoll
             ... wielding a +0 flail
              (13 damage)
             ... on level 3 of the Dungeon.
             The game lasted 00:01:41 (318 turns).

Zonian the Sneak (Hill Orc Delver)                   Turns: 318, Time: 00:01:41

Health: -9/33      AC:  3    Str: 14    XL:     3   Next: 6%
Magic:  3/3        EV: 11    Int: 10    God:
Gold:   15         SH:  0    Dex: 13    Spells: 2/2 levels left

rFire    . . .     SeeInvis .   a - +0 hand axe
rCold    . . .     Faith    .   (no shield)
rNeg     . . .     Spirit   .   b - +0 leather armour
rPois    .         Reflect  .   (no helmet)
rElec    .         Harm     .   (no cloak)
rCorr    .         Rampage  .   (no gloves)
Will     .....                  (no boots)
Stlth    ++........             (no amulet)
HPRegen  0.11/turn              (no ring)
MPRegen  0.08/turn              (no ring)

@: no status effects
A: no striking features
a: no special abilities


You were on level 3 of the Dungeon.
You visited 1 branch of the dungeon, and saw 3 of its levels.

You collected 15 gold pieces.

Inventory:

Hand Weapons
 a - a +0 hand axe (weapon)
Armour
 b - a +0 leather armour (worn)
Wands
 g - a wand of digging (3)
Scrolls
 c - a scroll of fog
 d - a scroll of magic mapping


   Skills:
 + Level 3.7 Fighting
 + Level 2.8 Axes
 + Level 0.2 Armour
 + Level 1.6 Dodging
 + Level 4.7 Stealth


You had 2 spell levels left.
You didn't know any spells.
Your spell library was empty.

Dungeon Overview and Level Annotations

Branches:
Dungeon (5/15)
 Temple: D:4-7

Altars:

Shops:
D:4 :

Annotations:
D:4 Grinder


Message History

Press: ? - help, Shift-Dir - straight line, f - gnoll
Aim: a gnoll, wielding a +0 spear (72% to hit)
The puff of flame hits the gnoll!
The gnoll is heavily wounded.
The gnoll closely misses you.
Unknown command.
Aiming: Throw Flame
Press: ? - help, Shift-Dir - straight line, f/p - gnoll
Aim: a gnoll, wielding a +0 spear (heavily wounded, 72% to hit)
The puff of flame hits the gnoll.
The gnoll is severely wounded.
The gnoll hits you from afar with a +0 spear.
Unknown command.
Aiming: Throw Flame
Press: ? - help, Shift-Dir - straight line, f/p - gnoll
Aim: a gnoll, wielding a +0 spear (severely wounded, 72% to hit)
The puff of flame hits the gnoll!
You kill the gnoll!
You have reached level 3!
Your experience leads to an increase in your attributes!
Increase (S)trength, (I)ntelligence, or (D)exterity?
You feel agile.
Unknown command.
Aiming: Throw Flame
Press: ? - help, Shift-Dir - straight line, f - gnoll
Aim: a gnoll, wielding a +0 flail (moderately wounded, 72% to hit)
The puff of flame hits the gnoll.
The gnoll is heavily wounded.
Unknown command.
You hit the gnoll.
The gnoll is severely wounded.
The gnoll hits you but does no damage. The gnoll hits you with a +0 flail!
* * * LOW HITPOINT WARNING * * *
Unknown command.
Aiming: Throw Flame
Press: ? - help, Shift-Dir - straight line, f/p - gnoll
Aim: a gnoll, wielding a +0 flail (severely wounded, 72% to hit)
The puff of flame misses the gnoll.
The now-empty wand crumbles to dust.
The gnoll hits you with a +0 flail!
You die...

....... .g.....
....... ..gg...
#...l( #.....
##.....#########
.'....$')...)g@#
#...############
#


You could see a gnoll.

Vanquished Creatures
  2 gnolls (D:3)
  An orc (D:5)
  2 jackals (D:4)
  A goblin (D:3)
6 creatures vanquished.

Notes
Turn   | Place    | Note
-------+----------+-------------------------------------------
     0 | D:5      | Zonian the Hill Orc Delver began the quest for the Orb.
     0 | D:5      | Reached XP level 1. HP: 19/19 MP: 1/1
    53 | D:4      | Found Caffaxt's Book Emporium.
    59 | D:4      | Noticed Grinder
   313 | D:3      | Reached XP level 2. HP: 10/26 MP: 2/2
   316 | D:3      | Reached XP level 3. HP: 12/33 MP: 3/3
   318 | D:3      | Mangled by a gnoll

Illustrated notes

Levels and vault maps discovered:
D:3:      layout_basic, serial_curves, eino_curves_01, eino_curves_02,
          serial_shops, nicolae_shop_temple_entry_statues_fountains,
          uniq_jessica
D:4:      layout_cave_pools, serial_shops, shop, st_stairs_9, uniq_grinder
D:5:      layout_loops_cross, grunt_temple_overflow_diamond, serial_shops, shop,
          bh_walls_and_bars, uniq_edmund

Action                   || total
-------------------------++-------
Melee: Hand axe          ||    18
Evoke: Wand              ||     7
  Use: Scroll            ||     1
       Potion            ||     1
Armor: Leather armour    ||     7
Dodge: Dodged            ||    16

Table legend: (Time is in decaauts)
 A = Elapsed time spent in this place.
 B = Non-inter-level travel time spent in this place.
 C = Inter-level travel time spent in this place.
 D = Time resting spent in this place.
 E = Time spent auto-exploring this place.
 F = Levels seen in this place.
 G = Mean time per level.
                   A        B        C        D        E       F      G
               +--------+--------+--------+--------+--------+-----+--------+
         Total |    302 |    302 |      0 |    195 |      0 |   3 |  100.7 |
       Dungeon |    302 |    302 |      0 |    195 |      0 |   3 |  100.7 |
               +--------+--------+--------+--------+--------+-----+--------+

Top non-repeatable levels by time:
     D:3: 226 daAuts
     D:5: 54 daAuts
     D:4: 22 daAuts
